 Dungeon Crawl Stone Soup version 0.28-a0-991-g956f0ee3d5 (webtiles) character file.

Game seed: 8207633617618040271

117067 BinkBink the Wrestler (level 16, -7/267 HPs)
             Began as a Troll Transmuter on Dec 5, 2021.
             Was the Champion of Jiyva.
             Mangled by a swamp dragon (11 damage)
             ... on level 4 of the Swamp.
             The game lasted 01:10:40 (24905 turns).

BinkBink the Wrestler (Troll Transmuter)           Turns: 24905, Time: 01:10:40

Health: -7/267     AC: 28    Str: 22    XL:     16   Next: 22%
Magic:  23/23      EV:  1    Int: 13    God:    Jiyva [******]
Gold:   760        SH:  0    Dex: 18    Spells: 23/26 levels left

rFire   . . .      SeeInvis .     - Unarmed
rCold   . . .      Faith    .   (no shield)
rNeg    . . .      Spirit   .   (armour currently unavailable)
rPois   +          Reflect  .   (helmet currently unavailable)
rElec   .          Harm     .   (cloak currently unavailable)
rCorr   +          Rampage  .   (gloves unavailable)
Will    ++...      NoTele   +   (boots unavailable)
Stlth   ++........              y - amulet of the acrobat
HPRegen 2.94/turn               O - ring of flight
MPRegen 0.68/turn               E - ring of willpower

@: tree-form
A: stationary, stasis, torment immunity, boosted hp, large, unfitting armour,
(claws 3), regeneration 1, (shaggy fur 1), (tough skin 1), (antennae 1), (beak),
(iridescent scales 3), agile 1, clever 2, robust 2, wild magic 1, (eyeballs 2),
(pseudopods 1), (sturdy frame 2)
a: Renounce Religion, Oozemancy, Slimify


You were on level 4 of the Swamp.
You worshipped Jiyva.
Jiyva was exalted by your worship.
You were a tree.
You visited 4 branches of the dungeon, and saw 27 of its levels.
You also visited: Bailey.

You collected 1475 gold pieces.
You spent 715 gold pieces at shops.

Inventory:

Hand Weapons
 r - the +4 dagger of Inquiry {spect, rF+}
   (You found it on level 6 of the Dungeon)

   When its wielder attacks, the weapon's spirit leaps out and strikes again.
   The spirit shares a part of any damage it takes with its wielder.
   rF:        It protects you from fire.
 A - a +0 demon trident of draining
Armour
 a - a +0 troll leather armour
 n - a +1 cloak
 s - a +2 robe of willpower
 t - +0 steam dragon scales
 B - a +0 kite shield of reflection
 D - a +2 hat (melded)
 H - a scarf of shadows
 J - +0 acid dragon scales
 M - the +0 cloak of Fimuch (melded) {rF+}
   (You found it on level 5 of the Lair of Beasts)

   rF:        It protects you from fire.
 N - the +1 robe of Lites (melded) {MP+9 Dex+4}
   (You took it off a yaktaur on level 15 of the Dungeon)

   Dex:       It affects your dexterity (+4).
   MP:        It affects your magic capacity (+9).
 Q - a +2 pair of boots of rampaging
Jewellery
 b - an amulet of guardian spirit
 d - a ring of wizardry
 y - an amulet of the acrobat (around neck)
 E - a ring of willpower (right branch)
 F - a +6 ring of dexterity
 L - a ring of wizardry
 O - a ring of flight (left branch)
 P - an amulet of regeneration
Wands
 f - a wand of iceblast (26)
 j - a wand of polymorph (7)
 K - a wand of flame (50)
 V - a wand of charming (2)
Scrolls
 h - 4 scrolls of amnesia
 k - 3 scrolls of enchant armour
 o - 4 scrolls of magic mapping
 p - a scroll of brand weapon
 q - 7 scrolls of teleportation
 v - a scroll of fog
 z - 2 scrolls of immolation
 I - 2 scrolls of noise
 R - a scroll of identify
 T - 2 scrolls of fear {unknown}
 W - a scroll of holy word {unknown}
Potions
 c - a potion of curing
 e - 3 potions of might
 g - 6 potions of lignification
 l - 3 potions of cancellation
 m - a potion of flight
 u - 4 potions of attraction
 w - 2 potions of magic
 C - a potion of brilliance
 G - a potion of degeneration
 U - a potion of ambrosia


   Skills:
 + Level 7.5 Fighting
 + Level 11.5 Dodging
 - Level 0.8 Stealth
 - Level 1.1 Shields
 + Level 22.0 Unarmed Combat
 * Level 5.7 Spellcasting
 * Level 5.4 Transmutations


You had 23 spell levels left.
You knew the following spells:

 Your Spells              Type           Power      Damage    Failure   Level
a - Beastly Appendage     Tmut           46%        N/A       3%          1
b - Wereblood             Tmut           23%        N/A       4%          2

Your spell library contained the following spells:

 Spells                   Type           Power      Damage    Failure   Level
 Animate Skeleton         Necr           8%         N/A       24%         1
 Foxfire                  Conj/Fire      16%        2x1d4     24%         1
 Pain                     Necr           16%        1d4       24%         1
 Spider Form              Tmut/Pois      14%        N/A       24%         3
 Ensorcelled Hibernation  Hex/Ice        8%         N/A       34%         2
 Sublimation of Blood     Necr           4%         N/A       34%         2
 Conjure Flame            Conj/Fire      4%         6-21      54%         3
 Inner Flame              Hex/Fire       4%         N/A       54%         3
 Mephitic Cloud           Conj/Pois/Air  4%         N/A       54%         3
 Vampiric Draining        Necr           4%         2d6       54%         3
 Ice Form                 Ice/Tmut       14%        N/A       58%         4
 Animate Dead             Necr           2%         N/A       90%         4
 Flame Wave               Conj/Fire      4%         2d4       90%         4
 Summon Lightning Spire   Summ/Air       4%         N/A       90%         4
 Conjure Ball Lightning   Conj/Air       2%         3x3d6     100%        6
 Haunt                    Necr/Summ      2%         N/A       100%        7
 Storm Form               Tmut/Air       7%         N/A       100%        7
 Summon Hydra             Summ           2%         N/A       100%        7
 Borgnjor's Revivificati  Necr           2%         N/A       100%        8
 Infestation              Necr           2%         N/A       100%        8
 Maxwell's Capacitive Co  Air            2%         ∞         100%        8
 Necromutation            Tmut/Necr      7%         N/A       100%        8
 Death's Door             Necr           2%         N/A       100%        9


Dungeon Overview and Level Annotations

Branches:
Dungeon (15/15)            Temple (0/1) D:7            Lair (6/6) D:8
  Swamp (4/4) Lair:3        Snake (0/4) Lair:4        Slime (0/5) Lair:6
    Orc (2/2) D:10            Elf (0/3) Orc:2        Vaults (0/5) D:13
 Depths (0/4) D:15         Bailey (visited)

Altars:
Fedhas
Gozag
Hepliaklqana
Kikubaaqudgha
Makhleb
Okawaru
Vehumet
Xom
Yredelemnul
Beogh
Jiyva

Shops:
D:3 :   Orc:1 ?(:(=   Orc:2 ==?(


Innate Abilities, Weirdness & Mutations

You are a tree.
Your roots penetrate the ground, keeping you stationary.
You cannot be teleported.
You are immune to unholy pain and torment.
Your maximum health is greatly increased.
Your equipment is partially melded.
You are too large for most types of armour.
((You have claws for hands.))
Your natural rate of healing is unusually fast.
((You are covered in fur. (AC +1)))
((You have tough skin. (AC +1)))
((You have a pair of small antennae on your head.))
((You have a beak for a mouth.))
((You are completely covered in iridescent scales. (AC +6)))
You are agile. (Dex +2)
Your mind is very acute. (Int +4)
You are very robust. (+20% HP)
Your spells are a little harder to cast, but a little more powerful.
((Your body has grown many eyes which may confuse attackers. (Acc +5)))
((Armour fits poorly on your pseudopods.))
((Your movements are less encumbered by armour. (ER -4)))


Message History

The eight-headed hydra completely misses you.
The eight-headed hydra bites you but does no damage. x4
The eight-headed hydra bites you!
* * * LOW HITPOINT WARNING * * *
The eight-headed hydra bites you but does no damage.
The swamp dragon bites you but does no damage.
The swamp dragon claws you but does no damage.
The swamp dragon tramples you but does no damage.
The foxfire dissipates!
The swamp dragon bites you but does no damage.
The swamp dragon claws you but does no damage.
The swamp dragon tramples you but does no damage.
The foxfire dissipates!
You thrash the eight-headed hydra!!!
The eight-headed hydra is severely wounded.
You hear a roar!
The eight-headed hydra bites you but does no damage.
The eight-headed hydra bites you!
* * * LOW HITPOINT WARNING * * *
The eight-headed hydra bites you but does no damage. x6
The swamp dragon bites you.
* * * LOW HITPOINT WARNING * * *
The swamp dragon claws you but does no damage.
The swamp dragon tramples you but does no damage.
It was a potion of mutation.
You feel extremely strange.
Your large bone plates disappear.
The jelly growth is reabsorbed into your body.
You feel agile.
The swamp dragon breathes poison at you.
The blast of poison engulfs you but does no damage.
You resist. The eight-headed hydra bites you!
* * * LOW HITPOINT WARNING * * *
The eight-headed hydra bites you!
* * * LOW HITPOINT WARNING * * *
The eight-headed hydra bites you but does no damage. x4
The eight-headed hydra bites you.
* * * LOW HITPOINT WARNING * * *
The eight-headed hydra bites you but does no damage.
The swamp dragon bites you!
You die...

♣♣♣♣♣♣ ♣.≈..♣♣
♣♣♣♣♣..≈..♣
≈.♣≈.§°§§♣♣
♣...≈§§§§.♣
♣≈≈≈§§§§DD♣ .
♣♣.≈§°§DD♣♣
Dk.♣♣.§.§vD♣♣♣
.§.§§...§§§§♣♣
≈§≈≈n≈≈.§≈≈§.♣
≈≈§≈≈≈≈≈.°...♣
≈D≈.≈≈≈.≈♣♣≈♣
≈♣.§≈≈..D.≈♣♣
♣♣≈≈≈≈≈≈.≈♣
♣§≈≈≈≈≈.♣♣


You could see an eight-headed hydra, a four-headed hydra, 3 swamp dragons and a
will-o-the-wisp.

Vanquished Creatures
  Jorgrun (D:14)
  Rupert (D:14)
  Gastronok (Lair:3)
  2 thorn hunters
  Kirke (Lair:4)
  The ghost of Lavandula the Sharpshooter, a journeyman NaAM of Okawaru (Swamp:1)
  A fenstrider witch (Swamp:1)
  An orc warlord (Bailey)
  3 eleionomae
  Nessos (Lair:6)
  3 bunyips
  12 hydras
  A rakshasa (D:15)
  5 boulder beetles
  3 ghost crabs
  2 ogre magi
  A catoblepas (Lair:6)
  3 centaur warriors (D:14)
  4 alligators
  3 two-headed ogres
  8 death yaks
  A deep troll shaman (Lair:6)
  2 death knights
  3 tengu warriors
  Nergalle (Orc:2)
  3 goliath frogs
  4 spriggan druids
  3 bog bodies
  A necromancer (D:15)
  3 swamp dragons (Swamp:4)
  A deep elf archer (D:13)
  A wizard (D:15)
  A deep elf zephyrmancer (D:15)
  6 deep elf pyromancers
  A lindwurm (Lair:6)
  3 orc knights
  An oklob plant (Lair:5)
  2 wolf spiders (D:15)
  A will-o-the-wisp (Swamp:3)
  14 ugly things
  7 orc sorcerers (Orc:2)
  4 cyclopes
  5 manticores
  A black mamba (Lair:3)
  7 elephants (Lair:6)
  Joseph (Lair:1)
  2 naga magi (D:15)
  6 cane toads
  2 gargoyles
  An unseen horror (D:10)
  2 rime drakes
  13 komodo dragons
  4 kobold demonologists
  5 freezing wraiths
  2 yaktaurs (D:15)
  2 efreet (D:15)
  14 polar bears
  5 trolls
  7 tyrant leeches
  5 hornets
  5 blink frogs (Lair:3)
  7 dream sheep (Lair:6)
  A harpy skeleton (D:15)
  2 shadows
  5 spriggans
  3 centaur simulacra
  35 yaks
  A vampire (D:13)
  4 basilisks
  4 wraiths
  A basilisk (shapeshifter) (D:14)
  3 wyverns
  3 hogs (Lair:4)
  A steam dragon (D:8)
  7 vampire mosquitoes
  The ghost of paps the Covert, an amateur OpDe (D:5)
  13 swamp worms
  2 acid dragons
  19 water moccasins
  2 swamp drakes
  16 orc warriors
  2 ice beasts
  2 sky beasts
  9 black bears
  14 centaurs
  5 ogres
  2 necrophages
  29 wolves
  6 kobold brigands
  A wyvern zombie (D:6)
  8 bullfrogs
  3 gnoll sergeants
  A scorpion (D:7)
  A wyvern skeleton (D:5)
  A water moccasin skeleton (D:7)
  3 killer bees (D:8)
  4 electric eels (D:8)
  6 wights
  7 howler monkeys
  A lava snake (D:9)
  A bullfrog skeleton (D:7)
  A centaur zombie (D:4)
  2 hounds (D:8)
  3 orc priests
  4 centaur skeletons
  3 iguanas (D:5)
  Natasha (thrice) (D:2)
  34 orc wizards
  A killer bee zombie (D:5)
  Robin (D:2)
  A howler monkey zombie (D:8)
  20 gnolls
  7 adders
  2 howler monkey skeletons (D:5)
  A shadow imp (D:7)
  An ufetubus (D:5)
  An adder skeleton (D:4)
  3 worms
  2 dart slugs (D:1)
  37 orcs
  A giant cockroach (D:2)
  29 goblins
  18 hobgoblins
  9 jackals
  17 kobolds
  2 quokkas (D:1)
  5 ball pythons
  7 bats
  3 frilled lizards (D:1)
  3 rats (D:2)
  A spectral hobgoblin (D:7)
  A butterfly (Lair:2)
  A fungus (Lair:6)
670 creatures vanquished.

Vanquished Creatures (collateral kills)
  Donald (Orc:2)
  A hydra (D:14)
  Fannar (D:11)
  An ogre mage (D:13)
  A deep elf zephyrmancer (D:13)
  A steam dragon (D:9)
  An ogre (D:13)
  2 kobold brigands (D:11)
  An orc (D:13)
  A kobold (D:11)
11 creatures vanquished.

Vanquished Creatures (others)
  A quicksilver ooze (Lair:5)
  The ghost of Mandevil the Reanimator, a journeyman KoNe of Fedhas (Lair:5)
  A great orb of eyes (D:15)
  A hydra (Lair:6)
  A deep elf pyromancer (D:15)
  An orc sorcerer (Orc:2)
  A cane toad (Lair:2)
  A yaktaur (D:15)
  A tengu conjurer (D:13)
  A tyrant leech (Swamp:2)
  3 bloated husks
  5 slime creatures
  A yak (shapeshifter) (D:13)
  5 yaks (Lair:6)
  3 humans (Lair:4)
  A steam dragon (D:5)
  A water moccasin (Lair:4)
  2 orc warriors
  3 centaurs (D:11)
  A wolf (Lair:4)
  A phantom (D:5)
  A kobold brigand (D:7)
  A bullfrog (Lair:4)
  A scorpion (D:5)
  A killer bee (D:7)
  An electric eel (D:15)
  A howler monkey (D:7)
  126 jellies
  2 centaur zombies
  2 centaur skeletons (D:7)
  An orc priest (D:3)
  6 orc wizards
  Ijyb (D:3)
  A killer bee zombie (D:7)
  6 gnolls
  A dart slug (D:4)
  2 endoplasms (D:4)
  18 orcs
  6 goblins (Bailey)
  5 hobgoblins
  A ball python (D:3)
  A kobold (D:4)
  2 briar patches (Swamp:3)
  A butterfly (Lair:2)
  8 foxfires
  103 fungi
  138 plants
473 creatures vanquished.

Grand Total: 1154 creatures vanquished

Notes
Turn   | Place    | Note
-------+----------+-------------------------------------------
     0 | D:1      | BinkBink the Troll Transmuter began the quest for the Orb.
     0 | D:1      | Reached XP level 1. HP: 18/18 MP: 1/1
   154 | D:1      | Reached XP level 2. HP: 26/26 MP: 3/3
   424 | D:1      | Found a faded altar of an unknown god.
   437 | D:1      | Prayed at the altar of an unknown god.
   437 | D:1      | Became a worshipper of Jiyva Jaysuum the Shapeless
   437 | D:1      | Reached * piety under Jiyva
   585 | D:1      | Reached XP level 3. HP: 32/32 MP: 4/4
  1049 | D:2      | Reached ** piety under Jiyva
  1149 | D:2      | Noticed Natasha
  1163 | D:2      | Killed Natasha
  1164 | D:2      | Reached skill level 1 in Fighting
  1164 | D:2      | Reached skill level 4 in Unarmed Combat
  1258 | D:2      | Noticed Natasha
  1268 | D:2      | Killed Natasha
  1269 | D:2      | Reached XP level 4. HP: 35/41 MP: 5/5
  1849 | D:2      | Noticed Robin
  1890 | D:2      | Killed Robin
  1891 | D:2      | Reached XP level 5. HP: 47/48 MP: 6/6
  1992 | D:2      | Noticed Natasha
  1994 | D:2      | Killed Natasha
  1995 | D:2      | Reached skill level 5 in Unarmed Combat
  2266 | D:3      | Killed Ijyb
  2278 | D:3      | Reached *** piety under Jiyva
  2307 | D:3      | Gained mutation: You are robust. (+10% HP) [Jiyva's grace]
  2307 | D:3      | Gained mutation: You are very robust. (+20% HP) [Jiyva's
                  | grace]
  2307 | D:3      | Gained mutation: You are extremely robust. (+30% HP)
                  | [Jiyva's grace]
  2307 | D:3      | Gained mutation: You are somewhat resistant to further
                  | mutation. [Jiyva's grace]
  2486 | D:3      | Found Naupn's Book Boutique.
  2488 | D:3      | Noticed a water moccasin
  2693 | D:4      | Noticed a black bear
  2699 | D:4      | Killed a black bear
  2700 | D:4      | Reached XP level 6. HP: 59/71 MP: 7/7
  2865 | D:4      | Reached **** piety under Jiyva
  3016 | D:4      | Reached skill level 6 in Unarmed Combat
  3225 | D:5      | Entered Level 5 of the Dungeon
  3298 | D:5      | Noticed a two-headed ogre
  3429 | D:5      | Reached XP level 7. HP: 43/81 MP: 8/8
  3737 | D:5      | Reached ***** piety under Jiyva
  3789 | D:5      | Found an iron altar of Okawaru.
  3988 | D:5      | Killed a steam dragon
  4028 | D:5      | Learned a level 2 spell: Wereblood
  4057 | D:5      | Found a runed translucent gate.
  4057 | D:5      | Found a runed translucent gate.
  4058 | D:5      | Found a runed translucent gate.
  4060 | D:5      | Noticed paps's ghost (amateur OpDe)
  4326 | D:6      | Reached skill level 7 in Unarmed Combat
  4367 | D:6      | Lost mutation: You are extremely robust. (+30% HP) [Jiyva's
                  | grace]
  4367 | D:6      | Gained mutation: You have a small jelly attached to you
                  | that senses nearby items. [Jiyva's grace]
  4367 | D:6      | Gained mutation: Your mind is acute. (Int +2) [Jiyva's
                  | grace]
  4367 | D:6      | Gained mutation: Your mind is very acute. (Int +4) [Jiyva's
                  | grace]
  4367 | D:6      | Gained mutation: Your flesh is heat resistant. (rF+)
                  | [Jiyva's grace]
  4439 | D:6      | Found a burning altar of Makhleb.
  4524 | D:6      | Found a blossoming altar of Fedhas.
  4529 | D:6      | Found a shimmering altar of Xom.
  4530 | D:6      | Found an opulent altar of Gozag.
  4628 | D:6      | Reached XP level 8. HP: 88/88 MP: 10/10
  4798 | D:6      | Identified the +4 dagger of Inquiry {spect, rF+}
  4954 | D:6      | Reached skill level 8 in Unarmed Combat
  5551 | D:7      | Found a staircase to the Ecumenical Temple.
  5582 | D:7      | Reached skill level 9 in Unarmed Combat
  5582 | D:7      | Reached XP level 9. HP: 66/85 MP: 12/12
  5736 | D:7      | Found a hazy altar of Hepliaklqana.
  6116 | D:8      | Found a staircase to the Lair.
  6122 | D:8      | Noticed a troll
  6143 | D:8      | Killed a troll
  6270 | D:8      | Paralysed by a hornet for 1 turns
  6274 | D:8      | Paralysed by a hornet for 3 turns
  6374 | D:8      | Reached skill level 10 in Unarmed Combat
  6607 | D:8      | Reached ****** piety under Jiyva
  6633 | D:8      | Lost mutation: Your mind is very acute. (Int +4) [Jiyva's
                  | grace]
  6633 | D:8      | Lost mutation: Your flesh is heat resistant. (rF+) [Jiyva's
                  | grace]
  6633 | D:8      | Lost mutation: You are very robust. (+20% HP) [Jiyva's
                  | grace]
  6633 | D:8      | Gained mutation: You have a pair of small antennae on your
                  | head. [Jiyva's grace]
  6633 | D:8      | Gained mutation: You have a pair of antennae on your head.
                  | [Jiyva's grace]
  6633 | D:8      | Gained mutation: You have a pair of large antennae on your
                  | head. (SInv) [Jiyva's grace]
  6633 | D:8      | Gained mutation: You are agile. (Dex +2) [Jiyva's grace]
  6747 | D:8      | Reached skill level 5 in Dodging
  6866 | D:8      | Reached XP level 10. HP: 88/100 MP: 14/14
  6897 | D:9      | You fall into a shaft and drop 2 floors!
  6901 | D:10     | Entered Level 10 of the Dungeon
  7096 | D:9      | Reached skill level 11 in Unarmed Combat
  7823 | D:10     | Found a staircase to the Orcish Mines.
  7908 | D:10     | Noticed a gargoyle
  7918 | D:10     | Killed a gargoyle
  8109 | D:11     | Noticed a boulder beetle
  8126 | D:11     | Killed a boulder beetle
  8127 | D:11     | Reached skill level 12 in Unarmed Combat
  8252 | D:11     | Noticed a manticore
  8264 | D:11     | Reached XP level 11. HP: 68/110 MP: 16/16
  8364 | D:11     | Noticed Fannar
  8513 | D:11     | Killed Fannar
  8645 | D:11     | Noticed a death knight
  8680 | D:11     | Reached skill level 13 in Unarmed Combat
  8955 | D:5      | Killed paps's ghost
  9012 | D:5      | Killed a two-headed ogre
  9142 | Orc:1    | Entered Level 1 of the Orcish Mines
  9146 | Orc:1    | Lost mutation: You have a pair of large antennae on your
                  | head. (SInv) [Jiyva's grace]
  9146 | Orc:1    | Gained mutation: Your muscles are strong. (Str +2) [Jiyva's
                  | grace]
  9146 | Orc:1    | Gained mutation: Your muscles are very strong. (Str +4)
                  | [Jiyva's grace]
  9146 | Orc:1    | Lost mutation: You are somewhat resistant to further
                  | mutation. [Jiyva's grace]
  9146 | Orc:1    | Gained mutation: You have hidden genetic potential.
                  | [Jiyva's grace]
  9146 | Orc:1    | Gained mutation: You have great hidden genetic potential.
                  | [Jiyva's grace]
  9160 | Orc:1    | Found Himaobuy's Weapon Emporium.
  9292 | Orc:1    | Found a flagged portal.
  9311 | Bailey   | Entered a bailey
  9500 | Bailey   | Noticed an orc warlord
  9565 | Bailey   | Killed an orc warlord
  9566 | Bailey   | Reached skill level 5 in Spellcasting
  9615 | Bailey   | Identified the +0 plate armour of Shadows and Fog {Fly
                  | Str+6}
  9716 | Orc:1    | Found Hehot's Book Shop.
  9724 | Orc:1    | Found Tesysakue's Antique Weapon Shop.
  9742 | Orc:1    | Found Foydyo's Magic Scroll Emporium.
  9857 | Orc:1    | Found Woem's Jewellery Emporium.
 10075 | Orc:1    | Bought a scroll of identify for 28 gold pieces
 10075 | Orc:1    | Bought a scroll of identify for 28 gold pieces
 10075 | Orc:1    | Bought a scroll of teleportation for 42 gold pieces
 10182 | Orc:2    | Entered Level 2 of the Orcish Mines
 10220 | Orc:2    | Killed an orc sorcerer
 10303 | Orc:2    | Noticed Donald
 10310 | Orc:2    | Killed Donald
 10311 | Orc:2    | Reached skill level 14 in Unarmed Combat
 10311 | Orc:2    | Reached XP level 12. HP: 38/117 MP: 18/18
 10364 | Orc:2    | Found a staircase to the Elven Halls.
 10651 | Orc:2    | Found Keog's Antique Weapon Shoppe.
 10688 | Orc:2    | Found an ancient bone altar of Kikubaaqudgha.
 10694 | Orc:2    | Noticed Nergalle
 10722 | Orc:2    | Killed Nergalle
 10723 | Orc:2    | Reached skill level 5 in Fighting
 10732 | Orc:2    | Found Lypacwae's Magic Scroll Shoppe.
 10740 | Orc:2    | Bought a scroll of identify for 26 gold pieces
 10740 | Orc:2    | Bought a scroll of identify for 26 gold pieces
 10740 | Orc:2    | Bought a scroll of blinking for 97 gold pieces
 10740 | Orc:2    | Bought a scroll of fog for 26 gold pieces
 10740 | Orc:2    | Bought a scroll of teleportation for 39 gold pieces
 10740 | Orc:2    | Bought a scroll of enchant armour for 97 gold pieces
 10740 | Orc:2    | Bought a scroll of identify for 26 gold pieces
 10747 | Orc:2    | Found a radiant altar of Vehumet.
 10747 | Orc:2    | Noticed an ogre mage
 10755 | Orc:2    | Killed an ogre mage
 10756 | Orc:2    | Reached skill level 15 in Unarmed Combat
 10797 | Orc:2    | Found Werghel's Jewellery Shoppe.
 10835 | Orc:2    | Gained mutation: You are very robust. (+20% HP) [hidden
                  | potential]
 10856 | Orc:2    | Found Arycoops's Jewellery Emporium.
 11040 | D:11     | Lost mutation: You are agile. (Dex +2) [Jiyva's grace]
 11040 | D:11     | Lost mutation: Your mind is acute. (Int +2) [Jiyva's grace]
 11040 | D:11     | Gained mutation: You have acidic saliva. [Jiyva's grace]
 11040 | D:11     | Gained mutation: Your spells are a little harder to cast,
                  | but a little more powerful. [Jiyva's grace]
 11040 | D:11     | Gained mutation: Your spells are harder to cast, but more
                  | powerful. [Jiyva's grace]
 11040 | D:11     | Gained mutation: Your spells are much harder to cast, but
                  | much more powerful. [Jiyva's grace]
 11042 | D:11     | Noticed a two-headed ogre
 11047 | D:11     | Killed a two-headed ogre
 11380 | D:12     | Got Zez Boruss's Papyrus of Attacks and Flames
 12130 | D:13     | Noticed a two-headed ogre
 12137 | D:13     | Killed a two-headed ogre
 12143 | D:13     | Noticed an ogre mage
 12158 | D:13     | Killed an ogre mage
 12159 | D:13     | Reached skill level 16 in Unarmed Combat
 12295 | D:13     | Lost mutation: You have a pair of antennae on your head.
                  | [Jiyva's grace]
 12295 | D:13     | Lost mutation: You are very robust. (+20% HP) [Jiyva's
                  | grace]
 12295 | D:13     | Lost mutation: Your muscles are very strong. (Str +4)
                  | [Jiyva's grace]
 12295 | D:13     | Lost mutation: You have great hidden genetic potential.
                  | [Jiyva's grace]
 12295 | D:13     | Lost mutation: You have hidden genetic potential. [Jiyva's
                  | grace]
 12295 | D:13     | Gained mutation: You expend magic power (3 MP) to
                  | strengthen your wands. [Jiyva's grace]
 12295 | D:13     | Gained mutation: Your mind is acute. (Int +2) [Jiyva's
                  | grace]
 12295 | D:13     | Gained mutation: Your mind is very acute. (Int +4) [Jiyva's
                  | grace]
 12295 | D:13     | Gained mutation: Your melee attacks may engulf your foes in
                  | ooze. [Jiyva's grace]
 12300 | D:13     | Noticed a boulder beetle
 12304 | D:13     | Killed a boulder beetle
 12305 | D:13     | Reached XP level 13. HP: 126/129 MP: 19/19
 12541 | D:13     | Noticed an ettin
 12548 | D:13     | an ettin changed into a satyr
 12552 | D:13     | Noticed a bunyip
 12569 | D:13     | a bunyip changed into a seven-headed hydra
 12684 | D:13     | Found a gate to the Vaults.
 12924 | D:13     | Noticed a minotaur
 13075 | D:14     | Reached skill level 17 in Unarmed Combat
 13276 | D:14     | Noticed Jorgrun
 13365 | D:14     | Killed Jorgrun
 13583 | D:14     | Noticed Rupert
 13786 | Lair:1   | Entered Level 1 of the Lair of Beasts
 14262 | Lair:1   | Noticed Joseph
 14269 | Lair:1   | Killed Joseph
 14292 | Lair:1   | Reached skill level 18 in Unarmed Combat
 14306 | Lair:1   | Lost mutation: You are robust. (+10% HP) [Jiyva's grace]
 14306 | Lair:1   | Lost mutation: You have a small jelly attached to you that
                  | senses nearby items. [Jiyva's grace]
 14306 | Lair:1   | Lost mutation: You expend magic power (3 MP) to strengthen
                  | your wands. [Jiyva's grace]
 14306 | Lair:1   | Lost mutation: Your melee attacks may engulf your foes in
                  | ooze. [Jiyva's grace]
 14306 | Lair:1   | Gained mutation: Your movements are slightly less
                  | encumbered by armour. (ER -2) [Jiyva's grace]
 14306 | Lair:1   | Gained mutation: Your movements are less encumbered by
                  | armour. (ER -4) [Jiyva's grace]
 14306 | Lair:1   | Gained mutation: Your movements are significantly less
                  | encumbered by armour. (ER -6) [Jiyva's grace]
 14306 | Lair:1   | Gained mutation: You have a pair of antennae on your head.
                  | [Jiyva's grace]
 15860 | Lair:3   | Noticed Gastronok
 15873 | Lair:3   | Killed Gastronok
 15874 | Lair:3   | Reached XP level 14. HP: 119/130 MP: 20/20
 15901 | Lair:3   | Lost mutation: Your spells are much harder to cast, but
                  | much more powerful. [Jiyva's grace]
 15901 | Lair:3   | Lost mutation: You have acidic saliva. [Jiyva's grace]
 15901 | Lair:3   | Gained mutation: You are robust. (+10% HP) [Jiyva's grace]
 15901 | Lair:3   | Gained mutation: You are very robust. (+20% HP) [Jiyva's
                  | grace]
 15901 | Lair:3   | Gained mutation: You are extremely robust. (+30% HP)
                  | [Jiyva's grace]
 15901 | Lair:3   | Gained mutation: You have hidden genetic potential.
                  | [Jiyva's grace]
 15980 | Lair:3   | Found a staircase to the Swamp.
 16559 | Lair:4   | Found a staircase to the Snake Pit.
 16961 | Lair:4   | Noticed Kirke
 16989 | Lair:4   | Killed Kirke
 17027 | Lair:4   | Reached skill level 19 in Unarmed Combat
 17792 | Lair:4   | Reached skill level 10 in Dodging
 18323 | Lair:5   | Killed Mandevil's ghost
 18411 | Lair:5   | Found a basalt altar of Yredelemnul.
 18518 | Lair:5   | Lost mutation: Your muscles are strong. (Str +2) [Jiyva's
                  | grace]
 18518 | Lair:5   | Lost mutation: Your movements are significantly less
                  | encumbered by armour. (ER -6) [Jiyva's grace]
 18518 | Lair:5   | Gained mutation: You have a small jelly attached to you
                  | that may absorb projectiles. [Jiyva's grace]
 18518 | Lair:5   | Gained mutation: Your body has grown eyes which may confuse
                  | attackers. (Acc +3) [Jiyva's grace]
 18518 | Lair:5   | Gained mutation: Your body has grown many eyes which may
                  | confuse attackers. (Acc +5) [Jiyva's grace]
 18518 | Lair:5   | Gained mutation: Your body is covered in eyes which may
                  | confuse attackers. (Acc +7, SInv) [Jiyva's grace]
 18753 | Lair:5   | Found a runed translucent gate.
 18753 | Lair:5   | Found a runed translucent gate.
 18753 | Lair:5   | Found a runed translucent gate.
 18753 | Lair:5   | Noticed an acid blob
 18753 | Lair:5   | Noticed a quicksilver ooze
 18753 | Lair:5   | Noticed an acid blob
 18753 | Lair:5   | Noticed an azure jelly
 18754 | Lair:5   | Noticed an azure jelly
 18754 | Lair:5   | Noticed an acid blob
 18754 | Lair:5   | Noticed an acid blob
 19164 | Lair:5   | Found a viscous altar of Jiyva.
 19169 | Lair:5   | Identified the +0 cloak of Fimuch {rF+}
 19212 | Lair:6   | Entered Level 6 of the Lair of Beasts
 19221 | Lair:6   | Noticed Nessos
 19746 | D:14     | Killed Rupert
 19867 | D:15     | Entered Level 15 of the Dungeon
 20121 | D:15     | Reached skill level 20 in Unarmed Combat
 20190 | D:15     | Found a staircase to the Depths.
 20406 | D:15     | Identified the +1 robe of Lites {MP+9 Dex+4}
 20419 | D:15     | Reached XP level 15. HP: 101/182 MP: 21/21
 20464 | D:15     | Gained mutation: You are partially covered in large bone
                  | plates. (SH +4) [hidden potential]
 20719 | D:15     | Lost mutation: You are extremely robust. (+30% HP) [Jiyva's
                  | grace]
 20719 | D:15     | Lost mutation: Your spells are harder to cast, but more
                  | powerful. [Jiyva's grace]
 20719 | D:15     | Gained mutation: You heal very quickly. [Jiyva's grace]
 20719 | D:15     | Gained mutation: You regenerate. [Jiyva's grace]
 20719 | D:15     | Gained mutation: Your melee attacks may engulf your foes in
                  | ooze. [Jiyva's grace]
 20719 | D:15     | Gained mutation: Armour fits poorly on your pseudopods.
                  | [Jiyva's grace]
 21619 | Lair:6   | Killed Nessos
 21707 | Lair:6   | Found a staircase to the Slime Pits.
 21708 | Lair:6   | Found a viscous altar of Jiyva.
 21901 | Lair:6   | Noticed an azure jelly
 22107 | Lair:6   | Reached skill level 21 in Unarmed Combat
 22112 | Lair:6   | Reached skill level 1 in Shields
 22350 | Swamp:1  | Entered Level 1 of the Swamp
 22573 | Orc:2    | Bought a ring of flight for 280 gold pieces
 22799 | Swamp:1  | Noticed a fenstrider witch
 22805 | Swamp:1  | Killed a fenstrider witch
 23284 | Swamp:1  | Found a runed translucent door.
 23293 | Swamp:1  | Noticed Lavandula's ghost (journeyman NaAM)
 23435 | Swamp:1  | Killed Lavandula's ghost
 23645 | Swamp:2  | Noticed a thorn hunter
 23686 | Swamp:2  | Killed a thorn hunter
 23687 | Swamp:2  | Reached skill level 5 in Transmutations
 23884 | Swamp:2  | Lost mutation: You have a pair of antennae on your head.
                  | [Jiyva's grace]
 23884 | Swamp:2  | Lost mutation: You regenerate. [Jiyva's grace]
 23884 | Swamp:2  | Lost mutation: You heal very quickly. [Jiyva's grace]
 23884 | Swamp:2  | Lost mutation: Your body is covered in eyes which may
                  | confuse attackers. (Acc +7, SInv) [Jiyva's grace]
 23884 | Swamp:2  | Lost mutation: You have hidden genetic potential. [Jiyva's
                  | grace]
 23884 | Swamp:2  | Lost mutation: Your melee attacks may engulf your foes in
                  | ooze. [Jiyva's grace]
 23884 | Swamp:2  | Gained mutation: You have a beak for a mouth. [Jiyva's
                  | grace]
 23884 | Swamp:2  | Gained mutation: You are partially covered in iridescent
                  | scales. (AC +2) [Jiyva's grace]
 23884 | Swamp:2  | Gained mutation: You are mostly covered in iridescent
                  | scales. (AC +4) [Jiyva's grace]
 23884 | Swamp:2  | Gained mutation: You are completely covered in iridescent
                  | scales. (AC +6) [Jiyva's grace]
 24262 | Swamp:3  | Reached XP level 16. HP: 156/178 MP: 23/23
 24327 | Swamp:3  | Noticed a thorn hunter
 24362 | Swamp:3  | Killed a thorn hunter
 24826 | Swamp:4  | Entered Level 4 of the Swamp
 24833 | Swamp:4  | Reached skill level 22 in Unarmed Combat
 24905 | Swamp:4  | Lost mutation: You are partially covered in large bone
                  | plates. (SH +4) [potion of mutation]
 24905 | Swamp:4  | Lost mutation: You have a small jelly attached to you that
                  | may absorb projectiles. [potion of mutation]
 24905 | Swamp:4  | Gained mutation: You are agile. (Dex +2) [potion of
                  | mutation]
 24905 | Swamp:4  | HP: 7/267 [eight-headed hydra (8)]
 24905 | Swamp:4  | Mangled by a swamp dragon

Illustrated notes

Levels and vault maps discovered:
D:1:      arrival_zaba_pyramid, layout_basic, hellmonk_ecumenical_altar_zigzags
D:2:      layout_basic, uniq_natasha, uniq_robin
D:3:      layout_rooms, serial_shops, shop, uniq_ijyb
D:4:      layout_loops_cross, grunt_ministairs_2, minmay_misc_feat_encased,
          minmay_close_crescents
D:5:      layout_basic, mainiacjoe_overflow_surrounded_room,
          gammafunk_ghost_necromancy, hangedman_decor_slide_cut
D:6:      layout_loops_ring, mainiacjoe_overflow_catwalk, minitemple,
          minivault_22
D:7:      layout_layer_cave, nicolae_hepliaklqana_monster_ancestors,
          minmay_temple_entry_statues_pillars, minivault_23,
          eino_small_chamber_without_monster, minmay_fractal_squares_5
D:8:      layout_loops_cross, erik_lair_island, hex_large
D:9:      layout_small_grid, kennysheep_dice
D:10:     layout_rooms, orc_0_dummy, lemuel_another_geyser
D:11:     layout_stronghold, uniq_fannar
D:12:     layout_long_grid
D:13:     layout_loops_ring, hangedman_vaults_entry_quadrant_bands,
          kb_tengu_band
D:14:     layout_basic, uniq_rupert, uniq_jorgrun
D:15:     grunt_enter_depths_magical_seal, layout_loops_ring, minivault_14,
          minmay_hollow_rounded_squares
Lair:1:   layout_regular_city, uniq_joseph
Lair:2:   layout_cave_pods, lemuel_fruit_fields, serial_bayou_shore_b
Lair:3:   beast_lair_carwin_large_4, layout_big_grid, swamp_mist_pool,
          minmay_holes, lemuel_fruit_fields, serial_bayou_shore_b,
          uniq_gastronok
Lair:4:   layout_layer_cave, dummy_snake_entry, grunt_megastairs_4, uniq_kirke
Lair:5:   layout_roguey, gammafunk_ghost_ooze, hangedman_lair_unloving_vines,
          lemuel_oklob_altar
Lair:6:   grunt_lair_end_beastmaster, layout_hall_layers, slime_altar_1,
          nicolae_lair_time_for_slime, uniq_nessos
Swamp:1:  layout_basic_swamp, ebering_ghost_reflecting_pool,
          nicolae_swamp_treefoil
Swamp:2:  layout_falls_marsh, nicolae_swamp_round_clearing
Swamp:3:  layout_basic_swamp, hangedman_swamp_pad, infiniplex_staircase_pool
Swamp:4:  grunt_swamp_rune_castle, layout_basic_swamp,
          nicolae_swamp_some_circles, infiniplex_staircase_pool_2
Orc:1:    layout_caves, portal_ice_cave_entry_pillars_1, enter_bailey_4,
          serial_shops, shop, nicolae_shop_advertising_works
          [nicolae_subvault_shop_adworks], nicolae_diamond_shop,
          nicolae_shop_temple_entry_statues_fountains, nicolae_shop_waterfront
Orc:2:    kennysheep_orc_mage_school, layout_diamond_mine, uniq_donald

Skill      XL: |  1  2  3  4  5  6  7  8  9 10 11 12 13 14 15 16 |
---------------+-------------------------------------------------+-----
Fighting       | 1 2 3 4 5 6 7 |  7.5
Dodging        | 2 3 4 5 6 7 8 9 10 11 | 11.5
Unarmed Combat | 4 5 6 7 9 10 12 14 16 18 20 21 22 | 22.0
Transmutations | 2 3 4 5 |  5.4
Spellcasting   | 2 3 4 5 |  5.7
Shields        | 1 |  1.1
Stealth        | |  0.8

Action                   |  1- 3 |  4- 6 |  7- 9 | 10-12 | 13-15 | 16-18 || total
-------------------------+-------+-------+-------+-------+-------+-------++-------
Melee: Unarmed           |    98 |   128 |   337 |   647 |  1022 |   103 ||  2335
       Punch             |     2 |     3 |     9 |    54 |   128 |    25 ||   221
       Kick              |       |       |       |     8 |   101 |       ||   109
       Bite              |       |       |       |    12 |    36 |       ||    48
       Pseudopods        |       |       |       |       |   102 |    25 ||   127
       Peck              |       |       |       |       |    12 |    27 ||    39
 Cast: Beastly Appendage |       |       |       |     3 |    32 |       ||    35
       Wereblood         |       |       |       |     3 |    31 |       ||    34
  Use: Potion            |       |       |     4 |     3 |     6 |     5 ||    18
       Scroll            |       |       |     1 |    11 |     7 |     3 ||    22
 Stab: Sleeping          |       |     1 |     1 |     2 |     1 |       ||     5
       Distracted        |       |       |       |     3 |     1 |       ||     4
       Confused          |       |       |       |       |    31 |     5 ||    36
Armor: Robe              |    29 |    40 |    84 |   179 |   228 |    18 ||   578
       Skin              |       |       |       |       |       |    54 ||    54
Dodge: Dodged            |    45 |    62 |   175 |   396 |   863 |    79 ||  1620
Block: Other             |       |       |       |       |    35 |    12 ||    47

Table legend: (Time is in decaauts)
 A = Elapsed time spent in this place.
 B = Non-inter-level travel time spent in this place.
 C = Inter-level travel time spent in this place.
 D = Time resting spent in this place.
 E = Time spent auto-exploring this place.
 F = Levels seen in this place.
 G = Mean time per level.
                   A        B        C        D        E       F      G
               +--------+--------+--------+--------+--------+-----+--------+
         Total |  24333 |  21721 |   2612 |      0 |  15935 |  28 |  869.0 |
       Dungeon |  13611 |  12170 |   1441 |      0 |   9055 |  15 |  907.4 |
          Lair |   6783 |   5953 |    830 |      0 |   4576 |   6 | 1130.5 |
         Swamp |   2005 |   1911 |     94 |      0 |   1381 |   4 |  501.2 |
  Orcish Mines |   1588 |   1343 |    245 |      0 |    827 |   2 |  794.0 |
        Bailey |    344 |    344 |      0 |      0 |     95 |   1 |  344.0 |
               +--------+--------+--------+--------+--------+-----+--------+

Top non-repeatable levels by time:
  Lair:4: 1557 daAuts
  Lair:3: 1281 daAuts
     D:5: 1221 daAuts
    D:11: 1183 daAuts
  Lair:5: 1110 daAuts
    D:13: 1107 daAuts
     D:2: 1078 daAuts
     D:1: 1027 daAuts
    D:15: 1026 daAuts
  Lair:2: 1008 daAuts
     D:8: 965 daAuts
  Lair:1: 927 daAuts
     D:7: 915 daAuts
    D:14: 914 daAuts
     D:6: 900 daAuts
